 Dungeon Crawl Stone Soup version 0.30-a0-458-g86641cc369 (webtiles) character file.

Game seed: 8854290368257922739

168 p00ps00p the Trooper (level 5, -4/47 HPs)
             Began as a Hill Orc Fighter on Dec 14, 2022.
             Slain by a gnoll
             ... wielding a +0 halberd
             ... led by a gnoll bouda
              (8 damage)
             ... on level 4 of the Dungeon.
             The game lasted 00:03:20 (2404 turns).

p00ps00p the Trooper (Hill Orc Fighter)             Turns: 2404, Time: 00:03:21

Health: -4/47      AC:  7    Str: 21    XL:     5   Next: 48%
Magic:  5/5        EV:  9    Int:  8    God:
Gold:   171        SH:  4    Dex: 10    Spells: 4/4 levels left

rFire   . . .      SeeInvis .    a - +1 war axe
rCold   . . .      Faith    .    c - +0 buckler
rNeg    . . .      Spirit   .    b - +0 scale mail
rPois   .          Reflect  .    (no helmet)
rElec   .          Harm     .    (no cloak)
rCorr   .          Rampage  .    (no gloves)
Will    .....                    (no boots)
Stlth   ..........               (no amulet)
HPRegen 0.27/turn                h - +4 ring of slaying
MPRegen 0.09/turn                (no ring)

@: mighty
A: no striking features
a: no special abilities


You were on level 4 of the Dungeon.
You visited 1 branch of the dungeon, and saw 4 of its levels.

You collected 171 gold pieces.

Inventory:

Hand Weapons
 a - a +1 war axe (weapon)
 e - a +1 scimitar of flaming
Armour
 b - a +0 scale mail (worn)
 c - a +0 buckler (worn)
Jewellery
 h - a +4 ring of slaying (left hand)
Scrolls
 g - 2 scrolls of fear
 o - a scroll of teleportation {unknown}
Potions
 i - a potion of ambrosia
 k - a potion of curing {unknown}
 l - a potion of attraction
 m - a potion of flight {unknown}
 n - 2 potions of degeneration
 p - a potion of magic {unknown}


   Skills:
 + Level 4.7 Fighting
 + Level 4.3 Axes
 + Level 4.3 Armour
 + Level 4.3 Shields


You had 4 spell levels left.
You didn't know any spells.
Your spell library was empty.

Dungeon Overview and Level Annotations

Branches:
Dungeon (4/15)
 Temple: D:4-7

Altars:
Fedhas


Message History

* * * LOW HITPOINT WARNING * * *
The gnoll hits you with a +0 whip.
* * * LOW HITPOINT WARNING * * *
You block the gnoll bouda's attack.
The gnoll hits you from afar with a +0 halberd.
* * * LOW HITPOINT WARNING * * *
You feel much better.
Your attacks no longer feel as feeble.
The gnoll barely misses you. The gnoll bouda closely misses you.
The gnoll hits you from afar with a +0 halberd!
You feel very mighty all of a sudden. The gnoll hits you but does no damage.
The gnoll bouda closely misses you.
The gnoll hits you from afar with a +0 halberd!
* * * LOW HITPOINT WARNING * * *
Unknown command.
You closely miss the gnoll bouda.
The gnoll bouda is moderately wounded.
You slash the gnoll!
You kill the gnoll!
You block the gnoll bouda's attack. The gnoll closely misses you.
The gnoll hits you but does no damage.
Unknown command.
You slice the gnoll!!
You kill the gnoll!
You hit the gnoll bouda but do no damage.
The gnoll bouda hits you with a +0 club.
* * * LOW HITPOINT WARNING * * *
You block the gnoll's attack. The gnoll bouda barely misses you.
Unknown command.
You slash the gnoll bouda!
The gnoll bouda is almost dead.
The gnoll barely misses you.
The gnoll bouda hits you but does no damage.
You block the gnoll's attack.
Unknown command.
The endoplasm jiggles.
The gnoll bouda mumbles some strange prayers to its god.
The gnoll bouda is healed somewhat.
The gnoll hits you from afar with a +0 halberd!
You die...

### ##
#.. ..
#.# .#
#)#g.#
#@gJ.#
#†#.##
#?# #
...
#.#
#..
###


You could see a gnoll bouda, a gnoll (swift) and an endoplasm.

Vanquished Creatures
  4 adders
  7 gnolls
  A worm (D:3)
  A dart slug (D:2)
  An orc (D:3)
  5 endoplasms
  2 giant cockroaches
  6 goblins
  8 hobgoblins
  2 quokkas
  6 ball pythons
  4 bats
  5 frilled lizards
  6 kobolds
  2 rats
60 creatures vanquished.

Vanquished Creatures (others)
  5 plants (D:2)
5 creatures vanquished.

Grand Total: 65 creatures vanquished

Notes
Turn   | Place    | Note
-------+----------+-------------------------------------------
     0 | D:1      | p00ps00p the Hill Orc Fighter began the quest for the Orb.
     0 | D:1      | Reached XP level 1. HP: 19/19 MP: 1/1
   131 | D:1      | Reached XP level 2. HP: 27/27 MP: 2/2
   763 | D:2      | Reached XP level 3. HP: 33/33 MP: 3/3
   904 | D:2      | Reached XP level 4. HP: 40/40 MP: 4/4
  1777 | D:3      | Found a blossoming altar of Fedhas.
  2049 | D:3      | Reached XP level 5. HP: 40/47 MP: 5/5
  2404 | D:4      | Slain by a gnoll

Illustrated notes

Levels and vault maps discovered:
D:1:      dpeg_arrival_fog, layout_basic
D:2:      layout_loops_ring, minmay_misc_feat_five, serial_bayou_pond_a,
          chequers_serial_rivers_room_a, chequers_avenue, minmay_misc_feat_room,
          nicolae_titane, uniq_crazy_yiuf_cottage
D:3:      layout_basic, lemuel_coloured_pillars_altar, nrook_mini_backslash,
          roderic_serpentine_path
D:4:      layout_loops_ring, nicolae_overflow_crystal_walls,
          minmay_temple_entry_arrows, serial_shops,
          nicolae_shop_bloodbath_and_beyond, uniq_blork_the_orc, uniq_ijyb,
          uniq_duvessa, uniq_robin

Skill      XL: |  1  2  3  4 |
---------------+-------------+-----
Axes           | 3 4 |  4.3
Fighting       | 4 |  4.7
Shields        | 4 |  4.3
Armour         | 4 |  4.3

Action                   |  1- 3 |  4- 6 || total
-------------------------+-------+-------++-------
Melee: War axe           |    56 |    78 ||   134
  Use: Scroll            |     3 |     6 ||     9
       Potion            |       |     2 ||     2
Armor: Scale mail        |    27 |    32 ||    59
Dodge: Dodged            |    27 |    40 ||    67
Block: Buckler           |    19 |    23 ||    42

Table legend: (Time is in decaauts)
 A = Elapsed time spent in this place.
 B = Non-inter-level travel time spent in this place.
 C = Inter-level travel time spent in this place.
 D = Time resting spent in this place.
 E = Time spent auto-exploring this place.
 F = Levels seen in this place.
 G = Mean time per level.
                   A        B        C        D        E       F      G
               +--------+--------+--------+--------+--------+-----+--------+
         Total |   2452 |   2419 |     33 |      0 |   1951 |   4 |  613.0 |
       Dungeon |   2452 |   2419 |     33 |      0 |   1951 |   4 |  613.0 |
               +--------+--------+--------+--------+--------+-----+--------+

Top non-repeatable levels by time:
     D:3: 896 daAuts
     D:2: 879 daAuts
     D:1: 661 daAuts
     D:4: 16 daAuts
